Map: Dusk Towers

Players

genesis - Winner!

  • Race: Protoss Protoss
  • League: Gold

capac

  • Race: Terran Terran
  • League: Gold

VOD

Have the link to the VOD?

Description

Time

  • Played on: April 30, 2016, 12:41 p.m.
  • Length: 24:32
Show
View Real Time Build Order
Export as new Build Order

genesis Protoss - Winner!

Build Orders: Oracle Opening 

Get SALT Encoding   

  12  0:01  Probe (Chrono Boost)  
  13  0:12  Probe (Chrono Boost)  
  14  0:21  Pylon  
  14  0:23  Probe (Chrono Boost)  
  15  0:40  Probe (Chrono Boost)  
  15  0:42  Gateway  
  16  0:50  Probe (Chrono Boost), Assimilator  
  16  0:56  Assimilator  
  17  1:01  Probe (Chrono Boost)  
  19  1:11  Probe (Chrono Boost)  
  19  1:22  Probe (Chrono Boost)  
  20  1:29  Cybernetics Core  
  20  1:30  Zealot  
  22  1:38  Pylon  
  22  1:39  Pylon  
  22  1:58  Forge  
  22  2:00  Pylon  
  21  2:18  Mothership Core (Chrono Boost)  
  23  2:27  Warp Gate (Chrono Boost)  
  24  2:37  Probe, Photon Cannon  
  24  2:49  Probe  
  25  2:57  Nexus  
  25  3:01  Probe  
  25  3:03  Photon Cannon  
  26  3:16  Stargate  
  26  3:20  Probe  
  26  3:26  Stalker  
  29  3:32  Probe  
  30  3:34  Pylon  
  30  3:44  Probe  
  31  3:51  Photon Cannon  
  31  3:59  Oracle (Chrono Boost)  
  31  4:02  Probe  
  35  4:07  Probe  
  36  4:14  Probe  
  39  4:18  Probe  
  40  4:27  Pylon  
  38  4:33  Gateway  
  38  4:41  Probe  
  38  4:43  Probe, Pylon  
  40  4:45  Assimilator  
  40  4:49  Sentry  
  40  4:52  Probe  
  42  4:55  Probe  
  44  5:00  Robotics Facility  
  44  5:03  Pylon  
  44  5:07  Protoss Ground Weapons Level 1 (Chrono Boost)  
  44  5:10  Pylon  
  44  5:12  Probe  
  44  5:14  Probe  
  46  5:24  Photon Cannon  
  46  5:26  Probe  
  47  6:07  Twilight Council  
  47  6:08  Probe  
  47  6:09  Probe  
  47  6:10  Pylon  
  49  6:12  Photon Cannon  
  49  6:14  Assimilator  
  49  6:15  Pylon  
  49  6:18  Probe  
  49  6:19  Pylon  
  49  6:21  Probe, Observer  
  52  6:27  Gateway  
  52  6:29  Probe  
  53  6:33  Probe  
  53  6:35  Robotics Facility  
  53  6:39  Probe  
  54  6:42  Observer  
  54  6:43  Stalker  
  54  6:45  Probe, Charge  
  59  6:59  Photon Cannon  
  60  7:01  Probe  
  60  7:36  Immortal x2  
  68  7:38  Nexus  
  68  7:39  Zealot x2  
  68  7:41  Zealot  
  74  7:45  Pylon  
  74  7:47  Pylon  
  74  7:59  Void Ray (Chrono Boost)  
  74  8:04  Protoss Shields Level 1  
  78  8:10  Photon Cannon  
  78  8:14  Pylon  
  78  8:15  Zealot x2  
  78  8:16  Zealot  
  84  8:24  Gateway  
  84  8:25  Pylon  
  84  8:26  Pylon  
  84  8:31  Templar Archives  
  84  8:38  Photon Cannon, Void Ray (Chrono Boost)  
  88  8:46  Photon Cannon  
  88  8:48  Probe  
  88  8:52  Probe  
  88  8:53  Probe  
  91  8:59  Probe  
  92  9:04  Psionic Storm  
  92  9:06  Probe  
  92  9:07  Assimilator  
  93  9:10  Probe, Assimilator  
  94  9:20  Probe  
  94  9:24  High Templar x2  
  99  9:26  Zealot x2  
  99  9:31  Probe  
  104  9:41  Pylon  
  104  9:45  Probe x2  
  104  9:46  Probe  
  104  9:47  Void Ray  
  111  9:58  Probe  
  112  10:05  Stargate  
  112  10:07  Robotics Bay  
  112  10:08  Pylon  
  112  10:13  Pylon  
  112  10:22  Gateway  
  112  10:35  Void Ray  
  112  10:41  Zealot x4  
  124  10:51  Photon Cannon  
  124  11:01  Protoss Ground Armor Level 1  
  124  11:21  Immortal x2  
  124  11:23  High Templar x2  
  124  11:24  Zealot x3  
  142  11:52  Void Ray x2  
  150  12:06  Zealot x5  
  124  12:28  Zealot  
  124  12:29  Zealot x4  
  96  12:53  Stalker x4  
  96  12:54  Stalker  
  106  12:59  Void Ray x2  
  106  13:02  Protoss Shields Level 2  
  114  13:06  Protoss Air Weapons Level 1  
  114  13:09  Fleet Beacon  
  114  13:19  Zealot x5  
  124  13:22  Immortal  
  124  13:23  Immortal  
  132  13:59  Nexus  
  132  14:01  Pylon  
  132  14:02  Pylon  
  132  14:05  Pylon  
  132  14:15  Void Ray x2  
  137  14:44  Stalker  
  137  14:45  Stalker x3  
  145  14:46  Stalker  
  147  14:54  Stargate  
  147  14:58  Tempest x2, Gateway  
  155  15:04  Immortal x2  
  163  15:14  Stargate  
  163  15:20  Zealot x5  
  173  15:40  Photon Cannon  
  173  15:42  Photon Cannon  
  173  15:45  Photon Cannon  
  173  15:48  Assimilator  
  173  15:54  Assimilator  
  172  16:20  Protoss Shields Level 3 (Chrono Boost)  
  172  16:21  Pylon  
  172  16:32  Warp Prism  
  174  16:44  Dark Shrine  
  174  16:51  Tempest  
  174  16:52  Tempest, Carrier x2  
  194  16:57  Protoss Air Armor Level 1  
  194  17:10  Photon Cannon  
  200  17:36  Cybernetics Core, Forge  
  166  18:32  Zealot x3  
  166  18:33  Zealot x3  
  178  18:58  Protoss Air Armor Level 2, Protoss Ground Weapons Level 2 (Chrono Boost)  
  178  19:00  Protoss Air Weapons Level 2  
  178  19:05  Warp Prism  
  180  19:10  Carrier x2  
  180  19:12  Void Ray x2  
  200  19:22  Protoss Ground Armor Level 2 (Chrono Boost)  
  176  19:41  Mothership Core  
  178  20:02  Carrier  
  178  20:03  Tempest  
  192  20:33  Dark Templar x2  
  192  20:35  Dark Templar  
  192  21:19  Void Ray x2  
  192  21:20  Nexus  
  192  21:23  Pylon  
  192  21:24  Pylon  
  200  21:30  Pylon  
  200  21:59  Photon Cannon  
  192  22:04  Photon Cannon  
  192  22:05  Void Ray x2  
  192  22:07  Photon Cannon  
  200  22:09  Assimilator  
  200  22:13  Protoss Air Weapons Level 3 (Chrono Boost), Assimilator  
  200  22:15  Protoss Air Armor Level 3 (Chrono Boost)  
  200  22:24  Photon Cannon, Pylon  
  190  23:14  Nexus  
  190  23:18  Photon Cannon  
  190  23:21  Photon Cannon  
  190  23:24  Mothership Core  
Show
View Real Time Build Order
Export as new Build Order

capac Terran 

Build Orders: Reaper Expand 

Get SALT Encoding   

  12  0:01  SCV  
  13  0:13  SCV  
  14  0:18  Supply Depot  
  14  0:25  SCV  
  15  0:39  SCV  
  15  0:40  Barracks  
  16  0:44  Refinery  
  16  0:51  SCV  
  17  1:03  SCV  
  18  1:16  SCV  
  19  1:29  Reaper  
  19  1:31  Orbital Command  
  20  1:44  Command Center  
  20  1:58  Supply Depot  
  20  2:03  Marine  
  21  2:09  Factory  
  21  2:21  Marine  
  22  2:23  Barracks  
  22  2:30  SCV  
  22  2:35  Refinery  
  23  2:45  Barracks Reactor  
  23  2:58  SCV  
  23  3:02  Factory Tech Lab  
  24  3:13  SCV  
  24  3:19  Barracks Tech Lab  
  25  3:21  Starport  
  25  3:25  SCV  
  26  3:27  Marine  
  26  3:28  Marine  
  28  3:38  SCV  
  28  3:39  Siege Tank  
  31  3:50  Orbital Command  
  31  3:51  Marine x3  
  34  3:57  SCV  
  35  4:09  Marine, SCV  
  39  4:11  Marine  
  39  4:12  Marine  
  41  4:21  SCV  
  41  4:22  Starport Reactor  
  40  4:25  SCV  
  40  4:27  Marine  
  40  4:29  Marine x2  
  44  4:34  Engineering Bay  
  44  4:36  SCV  
  45  4:39  Supply Depot  
  45  4:40  Supply Depot  
  45  4:43  Stimpack  
  45  4:45  Marine  
  46  4:52  Starport  
  46  5:00  Marine x2, SCV x2  
  50  5:09  Supply Depot  
  50  5:12  SCV x2  
  52  5:14  Refinery  
  52  5:16  Refinery  
  52  5:25  SCV  
  52  5:26  SCV  
  54  5:28  Missile Turret  
  54  5:31  Missile Turret  
  44  6:02  Starport Reactor  
  44  6:04  Marine x3  
  47  6:15  SCV x2  
  47  6:17  Liberator x2  
  49  6:21  Marine  
  50  6:26  Marine x2  
  50  6:27  SCV x2  
  54  6:39  Marine  
  61  6:43  Medivac  
  61  6:44  Medivac  
  61  6:46  SCV x2  
  67  6:54  Supply Depot  
  67  6:58  SCV  
  67  7:01  Liberator, SCV  
  69  7:02  Liberator  
  69  7:10  SCV  
  70  7:16  SCV  
  77  7:23  SCV  
  78  7:43  Supply Depot  
  78  7:48  Liberator x2  
  78  7:50  Command Center  
  78  8:05  Marine x2  
  86  8:16  Barracks  
  86  8:19  Barracks  
  86  8:21  Barracks  
  86  8:22  Supply Depot  
  86  8:28  Marine  
  86  8:29  Marine x2, SCV x2  
  86  8:33  Siege Tank  
  94  8:41  SCV x2  
  96  8:46  Supply Depot  
  96  8:53  SCV x2  
  96  8:54  Marine x2  
  96  8:55  Marine  
  101  9:12  SCV x2  
  101  9:14  Barracks Reactor x2  
  101  9:16  Barracks Tech Lab  
  103  9:28  Medivac x2  
  103  9:29  Medivac x2  
  103  9:30  SCV x2  
  103  9:31  Orbital Command  
  113  9:41  Marauder x2  
  113  9:42  Marine  
  113  9:45  Liberator x2  
  118  9:47  Liberator  
  118  9:50  Liberator  
  118  9:56  SCV x2  
  118  9:59  SCV  
  133  10:14  Refinery x2  
  133  10:32  Supply Depot  
  133  10:37  Marauder, Marine x6  
  133  10:41  Supply Depot  
  141  10:49  Liberator  
  141  10:54  Marauder, Marine x3, SCV  
  147  10:59  Marauder  
  149  11:05  Marine x3  
  149  11:10  SCV x2  
  157  11:41  Starport  
  157  11:42  Starport  
  157  11:44  Starport  
  157  11:57  Liberator x2  
  157  12:03  Liberator  
  157  12:09  Marine  
  157  12:11  Marine x3, SCV  
  157  12:12  Marine x2  
  157  12:13  Marauder  
  157  12:14  Marauder  
  131  12:35  Marauder  
  98  12:45  Marine x3  
  98  12:46  Marine x3  
  98  12:47  Medivac  
  104  12:51  Viking x2  
  104  12:52  Viking  
  104  12:56  Marine x2  
  104  12:57  Viking x2  
  116  13:03  Viking, Marine x4  
  122  13:15  Supply Depot x2  
  122  13:17  Viking  
  122  13:18  Marine x3  
  122  13:19  Marine  
  128  13:21  Viking  
  128  13:25  Starport Reactor  
  128  13:26  Starport Tech Lab  
  130  13:31  Starport Reactor  
  130  13:34  Viking x2  
  130  13:35  Viking, Marine  
  130  13:36  Marine x5  
  130  13:37  Marine  
  143  13:55  Marine x3  
  143  13:56  Marine x2  
  143  13:57  Viking  
  150  14:14  Medivac x2  
  150  14:16  Viking x2  
  158  14:18  Marine x2  
  160  14:39  Medivac  
  160  14:45  Supply Depot x2  
  162  14:46  Supply Depot  
  162  14:59  Marauder x2, Marine  
  166  15:00  Marine x5  
  172  15:08  Barracks x2  
  172  15:10  Barracks x2  
  172  15:27  Command Center  
  172  15:30  Command Center  
  172  15:36  Starport Reactor  
  172  15:38  Supply Depot  
  172  16:05  Viking x6  
  172  16:06  Viking x2  
  188  16:11  Armory  
  188  16:20  Barracks Reactor  
  188  16:21  Barracks Reactor x2  
  188  16:27  Barracks Reactor  
  188  16:35  Viking x2  
  192  17:09  Marauder x2  
  196  17:30  Marauder x2, Planetary Fortress  
  200  17:51  Building Armor  
  200  17:54  Terran Ship Weapons Level 1  
  200  17:56  Armory  
  192  18:16  Refinery  
  184  18:23  Marine x5  
  184  18:24  Marine x5  
  184  18:25  Marine x2  
  184  18:26  Marine x3  
  118  19:41  Viking x8  
  118  19:42  Marine  
  118  19:43  Marine x15  
  152  20:00  Marine x3  
  152  20:01  Marine x13  
  152  20:04  Planetary Fortress  
  168  20:10  Viking  
  168  20:12  Raven  
  170  20:18  Marine x6  
  170  20:19  Marine x4  
  170  20:20  Marine x4  
  184  20:34  Viking x5  
  184  20:35  Viking  
  196  20:52  Marine x3  
  196  20:53  Marine  
  188  21:58  Medivac x4  
  188  21:59  Medivac x2  
  193  22:04  Terran Ship Weapons Level 2  
  193  22:06  Terran Vehicle And Ship Armor Level 1  
  193  22:45  Liberator x3  
  193  22:46  Liberator x5  
  193  22:47  Liberator  
  99  23:10  Marine x6  
  99  23:11  Marine x5  
  99  23:12  Marine x5  
  113  23:25  Refinery x2  
  113  23:27  Marine  
  113  23:28  Marine x7, Liberator  
  113  23:29  Liberator  
  121  23:43  Marine x8  
  121  23:45  Marine x2, Medivac x2  
  121  23:46  Marine x6, Medivac  
  149  24:00  Marine  
  149  24:01  Marine x3  
Tags
 
Add a new tag
Caveats
  • Supply blocks, unpowered buildings, or Contaminate may cause inaccurate times.
  • Supply counts are checked every 10 seconds.